 Dungeon Crawl Stone Soup version 0.28.0-45-g0d030f2227 (webtiles) character file.

Game seed: 11030395519073255367

2965 101zpm the Thaumaturge (level 10, 0/64 HPs)
             Began as a Djinni Ice Elementalist on Apr 13, 2022.
             Slain by a hornet zombie (5 damage)
             ... on level 8 of the Dungeon.
             The game lasted 00:40:22 (10538 turns).

101zpm the Thaumaturge (Djinni Ice Elementalist)   Turns: 10538, Time: 00:40:23

Health: 0/64       AC:  2    Str:  7    XL:     10   Next: 8%
Gold:   275        EV: 13    Int: 27    God:
                   SH:  0    Dex: 14

rFire   + + .      SeeInvis .   (no weapon)
rCold   x . .      Faith    .   (no shield)
rNeg    . . .      Spirit   .   a - +0 robe
rPois   ∞          Reflect  .   (no helmet)
rElec   .          Harm     .   (no cloak)
rCorr   .          Rampage  .   (no gloves)
Will    +....                   (boots unavailable)
Stlth   +++.......              (no amulet)
HPRegen 0.20/turn               g - +6 ring of intelligence
MPRegen 0.00/turn               (no ring)

@: freezing walls, flying
A: sickness immunity, fire resistance 2, cold vulnerability 1, float, innate
caster, HP casting, extra vitality 1
a: no special abilities


You were on level 8 of the Dungeon.
You visited 1 branch of the dungeon, and saw 8 of its levels.

You collected 275 gold pieces.

Inventory:

Missiles
 i - 114 stones
 j - 51 arrows
 o - 11 bolts
 p - 8 boomerangs
 y - 4 poisoned darts
Armour
 a - a +0 robe (worn)
 s - a +0 leather armour
 u - the +2 helmet of the Unseen Realm {Str+4 Stlth-}
   (You took it off Robin on level 3 of the Dungeon)

   Str:       It affects your strength (+4).
   Stlth:     It makes you less stealthy.
 D - the +0 buckler "Qoejif" {Drain rPois rC++ rN+}
   (You found it on level 5 of the Dungeon)

   rC:        It greatly protects you from cold.
   rPois:     It protects you from poison.
   rN:        It protects you from negative energy.
   Drain:     It drains your maximum health when unequipped.
Jewellery
 g - a +6 ring of intelligence (left hand)
Wands
 r - a wand of digging (4)
 F - a wand of flame (25)
Scrolls
 b - a scroll of silence {unknown}
 f - a scroll of amnesia {unknown}
 k - 2 scrolls of brand weapon {unknown}
 q - a scroll of teleportation {unknown}
 v - 2 scrolls of identify {unknown}
 w - 2 scrolls of enchant weapon {unknown}
 x - a scroll of summoning {unknown}
 C - a scroll of noise {unknown}
 E - 2 scrolls of enchant armour {unknown}
Potions
 c - 2 potions of cancellation {unknown}
 d - 2 potions of curing
 e - 2 potions of heal wounds {unknown}
 h - a potion of resistance {unknown}
 l - 3 potions of degeneration {unknown}
 m - a potion of attraction {unknown}
 n - 2 potions of magic {unknown}
 t - 2 potions of mutation {unknown}
 z - a potion of brilliance {unknown}
 A - a potion of ambrosia {unknown}
 B - a potion of haste {unknown}


   Skills:
 + Level 1.8 Fighting
 + Level 4.2 Dodging
 + Level 4.5 Stealth
 + Level 0.2 Unarmed Combat
 + Level 9.7 Spellcasting


You had 9 spell levels left.
You knew the following spells:

 Your Spells              Type           Power      Damage    Failure   Level
a - Freeze                Ice            100%       1d11      1%          1
b - Frozen Ramparts       Ice            100%       1d12      1%          3
c - Ozocubu's Armour      Ice            60%        N/A       1%          3
d - Hailstorm             Conj/Ice       60%        3d13      1%          4
e - Shock                 Conj/Air       100%       1d9       1%          1
f - Searing Ray           Conj           100%       2d8       1%          2
g - Call Imp              Summ           60%        N/A       1%          2
h - Teleport Other        Tloc           60%        N/A       1%          3
Your spell library was empty.

Dungeon Overview and Level Annotations

Branches:
Dungeon (8/15)             Temple (0/1) D:4
   Lair: D:8-11

Altars:
Kikubaaqudgha
Okawaru

Portals:
Abyss: D:5

Annotations:
D:2 Natasha
D:4 2 transporters, Vogrul's ghost, amateur HOFi
D:5 2 transporters, spica's ghost, novice HOFE


Innate Abilities, Weirdness & Mutations

You are immune to sickness and miasma.
You are immune to poison.
Your flesh is very heat resistant. (rF++)
You are vulnerable to cold. (rC-)
You float through the air rather than walking.
You learn spells naturally, not from books.
Your magical power is your life essence.
You have superior vitality. (+4 MHP)


Message History

Confirm with . or Enter, or press ? or * to list all spells.
Aiming: Searing Ray (safe; 1% risk of failure)
Press: ? - help, Shift-Dir - straight line, f - hornet zombie
Aim: a hornet zombie (moderately damaged, 85% to hit)
The searing ray hits the hornet zombie.
The hornet zombie is moderately damaged. (Press . to maintain the ray.)
The wall freezes the vampire mosquito.
The vampire mosquito misses you.
The hornet zombie resists.
The wall freezes the hornet zombie.
The wall freezes the vampire mosquito.
You destroy the vampire mosquito!
Your white imp gestures at the hornet zombie.
The puff of frost hits the hornet zombie.
The hornet zombie completely resists.
Casting: Searing Ray (safe; 1% risk of failure)
Confirm with . or Enter, or press ? or * to list all spells.
Aiming: Teleport Other (safe; 1% risk of failure)
Press: ? - help, Shift-Dir - straight line, f/p - hornet zombie
Aim: a hornet zombie (moderately damaged, ally target, chance to affect: 90%)
The hornet zombie looks slightly unstable.
The hornet zombie resists.
The wall freezes the hornet zombie.
The hornet zombie hits you!
* * * LOW HITPOINT WARNING * * *
The hornet zombie resists.
The wall freezes the hornet zombie.
The hornet zombie hits you!
* * * LOW HITPOINT WARNING * * *
Your white imp gestures at the hornet zombie.
The puff of frost hits the hornet zombie.
The hornet zombie completely resists.
Casting: Teleport Other (safe; 1% risk of failure)
Confirm with . or Enter, or press ? or * to list all spells.
Aiming: Teleport Other (safe; 1% risk of failure)
Press: ? - help, Shift-Dir - straight line, f/p - hornet zombie
Aim: a hornet zombie (heavily damaged, ally target, chance to affect: 90%)
The hornet zombie barely resists.
* * * LOW HITPOINT WARNING * * *
The hornet zombie completely resists.
The wall freezes the hornet zombie but does no damage.
The hornet zombie hits you.
You die...

.#..........#
.............
...........#
..........# .
......# #.
...5. #.##Z.#
#...@.#
##.<..#
#......#
#.....##
##....#
.....#
....###
######


You could see a hornet zombie (ally target) and a friendly white imp (summoned).

Vanquished Creatures
  Harold (D:7)
  Prince Ribbit (D:6)
  Sigmund (D:3)
  3 vampire mosquitoes (D:8)
  A steam dragon (D:4)
  A water moccasin (D:6)
  A sky beast (D:6)
  2 ice beasts
  A necrophage (D:6)
  An ogre (D:3)
  A phantom (D:6)
  A bullfrog (D:6)
  A water moccasin skeleton (D:5)
  2 wights (D:7)
  A howler monkey (D:8)
  A bullfrog zombie (D:6)
  3 centaur skeletons
  An orc priest (D:4)
  3 hounds
  2 iguanas
  Ijyb (D:3)
  Natasha (D:2)
  Robin (D:3)
  9 gnolls
  2 adders (D:3)
  A white imp (D:5)
  An ufetubus (D:4)
  2 dart slugs (D:3)
  3 orcs (D:4)
  5 bats
  3 endoplasms
  A giant cockroach (D:1)
  14 goblins
  8 hobgoblins
  3 kobolds
  4 quokkas
  6 ball pythons
  3 frilled lizards
  8 rats
105 creatures vanquished.

Vanquished Creatures (collateral kills)
  A sky beast (D:5)
  A gnoll (D:4)
2 creatures vanquished.

Vanquished Creatures (others)
  18 plants (D:6)
18 creatures vanquished.

Grand Total: 125 creatures vanquished

Notes
Turn   | Place    | Note
-------+----------+-------------------------------------------
     0 | D:1      | 101zpm the Djinni Ice Elementalist began the quest for the
                  | Orb.
     0 | D:1      | Reached XP level 1. HP: 15/15 MP: 0/0
   122 | D:1      | Reached XP level 2. HP: 14/21 MP: 0/0
   936 | D:1      | Reached XP level 3. HP: 16/25 MP: 0/0
   936 | D:1      | Learned a level 1 spell: Shock
  1447 | D:2      | Reached skill level 4 in Spellcasting
  1447 | D:2      | Reached XP level 4. HP: 7/31 MP: 0/0
  2319 | D:2      | Noticed Natasha
  2323 | D:2      | Killed Natasha
  2591 | D:3      | Noticed Sigmund
  2600 | D:4      | Noticed a necrophage
  2919 | D:3      | Identified the +2 helmet of the Unseen Realm {Str+4 Stlth-}
  2919 | D:3      | Noticed Robin
  2921 | D:3      | Reached XP level 5. HP: 28/35 MP: 0/0
  2921 | D:3      | Learned a level 2 spell: Searing Ray
  2923 | D:3      | Killed Robin
  3191 | D:3      | Found a faded altar of an unknown god.
  3324 | D:3      | Noticed an ice beast
  3331 | D:3      | Killed an ice beast
  3332 | D:3      | Reached skill level 5 in Spellcasting
  3332 | D:3      | Reached XP level 6. HP: 28/40 MP: 0/0
  3566 | D:3      | Noticed Ijyb
  3573 | D:3      | Killed Ijyb
  3845 | D:3      | You are sucked into a shaft and drop 1 floor!
  3866 | D:4      | Noticed a steam dragon
  3888 | D:4      | Noticed an ogre
  3960 | D:2      | Noticed Natasha
  4380 | D:3      | Found an iron altar of Okawaru.
  5165 | D:4      | Killed a steam dragon
  5166 | D:4      | Reached XP level 7. HP: 35/45 MP: 0/0
  5166 | D:4      | Learned a level 2 spell: Call Imp
  5417 | D:3      | Reached skill level 6 in Spellcasting
  5812 | D:4      | Noticed Vogrul's ghost (amateur HOFi)
  5813 | D:4      | Found a transporter.
  5817 | D:4      | Identified the +5 dire flail "Unirud Xomec" {vorpal, rN++
                  | Will+++ Str-3}
  5818 | D:4      | Found a transporter.
  6122 | D:5      | Entered Level 5 of the Dungeon
  6257 | D:4      | Found a staircase to the Ecumenical Temple.
  6624 | D:3      | Killed Sigmund
  6625 | D:3      | Reached XP level 8. HP: 37/50 MP: 0/0
  7625 | D:5      | Reached skill level 7 in Spellcasting
  7962 | D:5      | Found a transporter.
  7985 | D:5      | Found a transporter.
  8013 | D:5      | Noticed a toenail golem
  8017 | D:5      | Noticed spica's ghost (novice HOFE)
  8093 | D:5      | Found a one-way gate to the infinite horrors of the Abyss.
  8384 | D:5      | Identified the +0 buckler "Qoejif" {Drain rPois rC++ rN+}
  8609 | D:6      | Noticed Prince Ribbit
  8617 | D:6      | Killed Prince Ribbit
  8618 | D:6      | Reached skill level 1 in Fighting
  8618 | D:6      | Reached XP level 9. HP: 39/57 MP: 0/0
  8618 | D:6      | Learned a level 3 spell: Teleport Other
  8786 | D:7      | Noticed Harold
  8793 | D:7      | Killed Harold
  8794 | D:7      | Reached skill level 8 in Spellcasting
  9417 | D:6      | Reached skill level 9 in Spellcasting
 10535 | D:8      | Reached XP level 10. HP: 32/64 MP: 0/0
 10538 | D:8      | Slain by a hornet zombie

Illustrated notes

Levels and vault maps discovered:
D:1:      wander_arrival_fairy_ring, layout_loops_cross
D:2:      layout_basic, basic_altar, uniq_natasha
D:3:      layout_basic, kennysheep_okawaru_gauntlet,
          hellmonk_ecumenical_altar_inner_sanctum, uniq_robin, uniq_sigmund,
          uniq_ijyb
D:4:      layout_cave_pools, minmay_temple_entry_grid, gammafunk_ghost_smash
D:5:      layout_basic, gammafunk_ghost_abyssal_escape, nrook_campfire
D:6:      layout_loops_ring, grunt_gozag_breadcrumbs, serial_bayou,
          serial_bayou_ford_a, serial_bayou_shore_a, serial_bayou_shore_b,
          serial_bayou_shore_b, grunt_decor_clamped, lemuel_flame_loot_1,
          uniq_menkaure, uniq_prince_ribbit1, uniq_grinder
D:7:      layout_basic, nicolae_overflow_hidden_temple,
          mainiacjoe_overflow_tiny_flanked, uniq_harold
D:8:      layout_cave_pools, mainiacjoe_overflow_surrounded_room,
          guppyfry_early_elven_hall

Skill      XL: |  1  2  3  4  5  6  7  8  9 |
---------------+----------------------------+-----
Spellcasting   | 4 5 6 7 9 |  9.7
Stealth        | 2 3 4 |  4.5
Dodging        | 3 4 |  4.2
Fighting       | 1 |  1.8
Unarmed Combat | |  0.2

Action                   |  1- 3 |  4- 6 |  7- 9 | 10-12 || total
-------------------------+-------+-------+-------+-------++-------
Melee: Unarmed           |     7 |       |       |       ||     7
 Cast: Freeze            |    32 |     2 |     2 |       ||    36
       Shock             |     2 |    57 |    81 |       ||   140
       Frozen Ramparts   |     1 |    17 |    21 |       ||    39
       Searing Ray       |       |    23 |    49 |     1 ||    73
       Ozocubu's Armour  |       |     1 |     4 |       ||     5
       Call Imp          |       |       |     9 |     1 ||    10
       Teleport Other    |       |       |       |     2 ||     2
Armor: Robe              |     6 |     1 |     7 |     1 ||    15
Dodge: Dodged            |    16 |    10 |    26 |     1 ||    53
